 Dungeon Crawl Stone Soup version 0.30-a0-121-gb27577e5d9 (webtiles) character file.

Game seed: 4531491187814940224

121 nono the Trooper (level 5, -2/33 HPs)
             Began as a Kobold Fighter on Sept 13, 2022.
             Slain by a gnoll
             ... wielding a +0 flail
              (4 damage)
             ... on level 2 of the Dungeon on Sept 14, 2022.
             The game lasted 00:02:42 (2196 turns).

nono the Trooper (Kobold Fighter)                   Turns: 2196, Time: 00:02:42

Health: -2/33      AC:  6    Str: 15    XL:     5   Next: 26%
Magic:  5/5        EV: 11    Int: 10    God:
Gold:   106        SH:  5    Dex: 14    Spells: 4/4 levels left

rFire   . . .      SeeInvis .    a - +0 flail
rCold   . . .      Faith    .    c - +0 buckler
rNeg    . . .      Spirit   .    b - +0 scale mail
rPois   .          Reflect  .    (no helmet)
rElec   .          Harm     .    (no cloak)
rCorr   .          Rampage  .    (no gloves)
Will    .....                    (no boots)
Stlth   +.........               (no amulet)
HPRegen 0.11/turn                (no ring)
MPRegen 0.09/turn                (no ring)

@: no status effects
A: small, no large weapons, nightstalker 3
a: no special abilities


You were on level 2 of the Dungeon.
You visited 1 branch of the dungeon, and saw 2 of its levels.

You collected 106 gold pieces.

Inventory:

Hand Weapons
 a - a +0 flail (weapon)
Armour
 b - a +0 scale mail (worn)
 c - a +0 buckler (worn)
Scrolls
 k - a scroll of identify {unknown}
 n - a scroll of noise {unknown}
Potions
 d - a potion of might
 e - a potion of brilliance {unknown}
 f - a potion of cancellation {unknown}
 g - a potion of curing {unknown}
 h - a potion of resistance {unknown}
 i - a potion of heal wounds {unknown}
 j - a potion of attraction {unknown}
 l - a potion of lignification {unknown}
 m - a potion of haste {unknown}


   Skills:
 + Level 4.1 Fighting
 + Level 2.7 Maces & Flails
 - Level 3.0 Armour
 + Level 1.0 Dodging
 + Level 1.3 Stealth
 - Level 2.9 Shields


You had 4 spell levels left.
You didn't know any spells.
Your spell library contained the following spells:

 Spells                   Type           Power      Damage    Failure   Level
 Kindle Blastsparks       Fire/Tloc/Air  0%         2d10      100%        3
 Fulminant Prism          Conj/Hex       0%         3d6       100%        4
 Iskenderun's Mystic Bla  Conj/Tloc      0%         2d3       100%        4
 Lee's Rapid Deconstruct  Erth           0%         3d5*      100%        5


Dungeon Overview and Level Annotations

Branches:
Dungeon (2/15)

Altars:


Innate Abilities, Weirdness & Mutations

You are small and have problems with some larger weapons.
You are completely attuned to the shadows.


Message History

You see here a quokka corpse.
Found a stone staircase leading up.
There is a stone staircase leading up here.
Found a ring mail.
A gnoll comes into view.
It is wielding a +0 flail. 2 gnolls come into view.
Found a book of Callings.
The gnoll shouts! x2; You hear a bark! x3
The gnoll closely misses you.
A gnoll comes into view. It is wielding a +0 halberd.
You see here a +0 ring mail.
The gnoll shouts!
You hit the gnoll.
The gnoll is heavily wounded.
A jackal comes into view.
You block the gnoll's attack. The gnoll barely misses you.
You hit the gnoll.
The gnoll is heavily wounded.
The gnoll barely misses you. The gnoll closely misses you.
You closely miss the gnoll.
The gnoll is heavily wounded.
A jackal comes into view.
The gnoll hits you with a +0 whip. The gnoll closely misses you.
The gnoll barely misses you. You block the gnoll's attack.
The gnoll attacks as you move away! The gnoll hits you with a +0 whip!
You hit the gnoll but do no damage. The gnoll hits you with a +0 whip.
You barely miss the gnoll. You hit the gnoll.
You kill the gnoll!
The gnoll barely misses you.
Your Dodging skill increases to level 1!
You closely miss the gnoll.
The gnoll hits you from afar with a +0 halberd.
The gnoll hits you with a +0 flail.
You hit the gnoll but do no damage. You block the gnoll's attack.
You closely miss the gnoll. The gnoll hits you with a +0 flail!
* * * LOW HITPOINT WARNING * * *
The gnoll barely misses you. The gnoll attacks as you move away!
The gnoll hits you with a +0 flail.
You die...

#........# #># #.########
#.# #.# ########.# #.#
#......... #<# #.######.#
##.## ####.# #.# ####...#
#......## #.#
#....#g######.....#.#####..
#.#...h)gg@.......##.......
#...#########.....#.#######
##[## #......## # #..hh#
######.# # #g##.# #.# # #.#
# #######.# # #.# #.......#
# #.####### #.#


You could see 3 gnolls and a jackal.

Vanquished Creatures
  Jessica (D:2)
  2 adders (D:2)
  2 gnolls
  3 dart slugs
  An orc (D:2)
  5 bats
  7 endoplasms
  2 giant cockroaches
  3 goblins
  7 hobgoblins
  2 jackals (D:1)
  6 quokkas
  A ball python (D:1)
  A frilled lizard (D:2)
  3 kobolds (D:1)
46 creatures vanquished.

Notes
Turn   | Place    | Note
-------+----------+-------------------------------------------
     0 | D:1      | nono the Kobold Fighter began the quest for the Orb.
     0 | D:1      | Reached XP level 1. HP: 14/14 MP: 1/1
   123 | D:1      | Upgraded the game from 0.30-a0-118-ga018f8e90f to
                  | 0.30-a0-121-gb27577e5d9
   232 | D:1      | Reached XP level 2. HP: 19/19 MP: 2/2
   308 | D:1      | Reached XP level 3. HP: 15/23 MP: 3/3
  1037 | D:1      | Found a faded altar of an unknown god.
  1384 | D:2      | Noticed Jessica
  1391 | D:2      | Killed Jessica
  1392 | D:2      | Reached XP level 4. HP: 29/29 MP: 4/4
  1756 | D:2      | Reached skill level 4 in Fighting
  1955 | D:2      | Reached XP level 5. HP: 33/33 MP: 5/5
  2062 | D:2      | Reached skill level 1 in Stealth
  2191 | D:2      | Reached skill level 1 in Dodging
  2196 | D:2      | Slain by a gnoll

Illustrated notes

Levels and vault maps discovered:
D:1:      lightli_arrival_flooded_house, layout_loops_ring,
          ebering_ecumenical_altar_sacrificial
D:2:      layout_loops_ring, uniq_jessica

Skill      XL: |  1  2  3  4  5 |
---------------+----------------+-----
Maces & Flails | 2 |  2.7
Fighting       | 4 |  4.1
Armour         | 3 |  3.0
Stealth        | 1 |  1.3
Dodging        | 1 |  1.0
Shields        | |  2.9

Action                   |  1- 3 |  4- 6 || total
-------------------------+-------+-------++-------
Melee: Flail             |   101 |    72 ||   173
 Stab: Sleeping          |       |     2 ||     2
Armor: Scale mail        |    40 |    14 ||    54
Dodge: Dodged            |    54 |    49 ||   103
Block: Buckler           |    27 |    15 ||    42

Table legend: (Time is in decaauts)
 A = Elapsed time spent in this place.
 B = Non-inter-level travel time spent in this place.
 C = Inter-level travel time spent in this place.
 D = Time resting spent in this place.
 E = Time spent auto-exploring this place.
 F = Levels seen in this place.
 G = Mean time per level.
                   A        B        C        D        E       F      G
               +--------+--------+--------+--------+--------+-----+--------+
         Total |   2257 |   2240 |     17 |      0 |   1865 |   2 | 1128.5 |
       Dungeon |   2257 |   2240 |     17 |      0 |   1865 |   2 | 1128.5 |
               +--------+--------+--------+--------+--------+-----+--------+

Top non-repeatable levels by time:
     D:1: 1351 daAuts
     D:2: 906 daAuts
